 Dungeon Crawl Stone Soup version 0.28-a0-850-g09de17f5b5 (webtiles) character file.

Game seed: 5856519023713239005

26 porpoise the Conjurer (level 2, -6/20 HPs)
             Began as a Draconian Conjurer on Nov 13, 2021.
             Mangled by Terence (7 damage)
             ... on level 2 of the Dungeon.
             The game lasted 00:03:23 (1370 turns).

porpoise the Conjurer (Draconian Conjurer)          Turns: 1370, Time: 00:03:24

Health: -6/20      AC:  4    Str:  9    XL:     2   Next: 89%
Magic:  1/5        EV: 12    Int: 18    God:
Gold:   67         SH:  0    Dex:  9    Spells: 3/6 levels left

rFire   . . .      SeeInvis .   (no weapon)
rCold   . . .      Faith    .   (no shield)
rNeg    . . .      Spirit   .   (armour unavailable)
rPois   .          Reflect  .   (helmet restricted)
rElec   .          Harm     .   (no cloak)
rCorr   .          Rampage  .   (no gloves)
Will    .....                   (no boots)
Stlth   ++........              (no amulet)
HPRegen 0.06/turn               (no ring)
MPRegen 0.09/turn               (no ring)

@: no status effects
A: AC +4, unfitting armour, cold-blooded
a: no special abilities


You were on level 2 of the Dungeon.
You visited 1 branch of the dungeon, and saw 2 of its levels.

You collected 67 gold pieces.

Inventory:

Missiles
 b - 43 stones
Armour
 c - a +0 buckler
Scrolls
 a - a scroll of identify {unknown}
 d - a scroll of enchant weapon {unknown}


   Skills:
 - Level 1.7 Dodging
 - Level 1.7 Stealth
 + Level 2.7 Spellcasting
 + Level 4.5 Conjurations


You had 3 spell levels left.
You knew the following spells:

 Your Spells              Type           Power      Damage    Failure   Level
a - Magic Dart            Conj           72%        1d6       2%          1
b - Searing Ray           Conj           36%        2d5       4%          2

Your spell library contained the following spells:

 Spells                   Type           Power      Damage    Failure   Level
 Dazzling Flash           Conj/Hex       20%        N/A       21%         3
 Fulminant Prism          Conj/Hex       5%         3d7       54%         4
 Iskenderun's Mystic Bla  Conj/Tloc      10%        2d4       54%         4
 Freezing Cloud           Conj/Ice/Air   3%         6-21      94%         5
 Simulacrum               Ice/Necr       1%         N/A       100%        6
 Polar Vortex             Ice            1%         N/A       100%        9


Dungeon Overview and Level Annotations

Branches:
Dungeon (2/15)

Altars:

Annotations:
D:2 Terence


Innate Abilities, Weirdness & Mutations

Your plain brown scales are hard. (AC +4)
You cannot fit into any form of body armour.
You are cold-blooded and may be slowed by cold attacks.


Message History

The searing ray misses Terence.
Terence asks, "Do you want it fast or slow?"
The searing ray hits Terence.
Terence is moderately wounded.
You finish channelling your searing ray.
Terence barely misses you.
Casting: Searing Ray (safe; 4% risk of failure)
Confirm with . or Enter, or press ? or * to list all spells.
You don't have enough magic to cast this spell.
Unknown command.
Unknown command.
You hit Terence but do no damage.
Terence is moderately wounded.
Terence hits you with a +0 mace!
You hit Terence but do no damage.
Terence is moderately wounded.
Terence hits you with a +0 mace.
You are too injured to fight recklessly!
You are too injured to fight recklessly!
You hit Terence but do no damage.
You tail-slap Terence, but do no damage.
Terence is moderately wounded.
Terence barely misses you.
You hit Terence but do no damage.
Terence is moderately wounded.
Terence hits you with a +0 mace.
* * * LOW HITPOINT WARNING * * *
You hit Terence but do no damage.
You tail-slap Terence, but do no damage.
Terence is moderately wounded.
Terence hits you with a +0 mace.
* * * LOW HITPOINT WARNING * * *
You hit Terence but do no damage.
Terence is moderately wounded.
Terence closely misses you.
You closely miss Terence.
You tail-slap Terence, but do no damage.
Terence is moderately wounded.
Terence hits you with a +0 mace!
You die...

..#.#.##.#
...#.)....#
#.#.###.####+####
#.#.(..>.........
#.######.#.....##
#.....#.....#
######.....#.....#
+.........†#.....#
#.####@...##.....#
#....@....+
.......
#..###....#
.....## .. #....#
######


You could see Terence.

Vanquished Creatures
  A dart slug (D:2)
  3 ball pythons
  A bat (D:1)
  An endoplasm (D:1)
  2 giant cockroaches
  4 goblins
  A hobgoblin (D:1)
  2 jackals (D:1)
  2 frilled lizards (D:1)
  4 rats (D:1)
21 creatures vanquished.

Notes
Turn   | Place    | Note
-------+----------+-------------------------------------------
     0 | D:1      | porpoise the Draconian Conjurer began the quest for the
                  | Orb.
     0 | D:1      | Reached XP level 1. HP: 14/14 MP: 3/3
   366 | D:1      | Reached XP level 2. HP: 20/20 MP: 3/5
   792 | D:1      | Learned a level 2 spell: Searing Ray
   950 | D:1      | Found a faded altar of an unknown god.
  1359 | D:2      | Noticed Terence
  1368 | D:2      | HP: 1/20 [Terence (4)]
  1370 | D:2      | Mangled by Terence

Illustrated notes

Levels and vault maps discovered:
D:1:      heliophobic_arrival_battle_scene, layout_loops_ring,
          hellmonk_ecumenical_altar_zigzags
D:2:      layout_basic, serial_bayou_ford_a, uniq_terence

Action                   || total
-------------------------++-------
Melee: Unarmed           ||    37
       Tailslap          ||     4
 Cast: Magic Dart        ||    36
       Searing Ray       ||     2
Armor: Skin              ||    17
Dodge: Dodged            ||    26

Table legend: (Time is in decaauts)
 A = Elapsed time spent in this place.
 B = Non-inter-level travel time spent in this place.
 C = Inter-level travel time spent in this place.
 D = Time resting spent in this place.
 E = Time spent auto-exploring this place.
 F = Levels seen in this place.
 G = Mean time per level.
                   A        B        C        D        E       F      G
               +--------+--------+--------+--------+--------+-----+--------+
         Total |   1369 |   1322 |     47 |    560 |    606 |   2 |  684.5 |
       Dungeon |   1369 |   1322 |     47 |    560 |    606 |   2 |  684.5 |
               +--------+--------+--------+--------+--------+-----+--------+

Top non-repeatable levels by time:
     D:1: 1125 daAuts
     D:2: 244 daAuts
